 Dungeon Crawl Stone Soup version 0.30-a0-760-g5a9884bb7c (webtiles) character file.

Game seed: 2414158455687170215

1332 sanka the Geomancer (level 8, -3/46 HPs)
             Began as a Kobold Earth Elementalist on Feb 11, 2023.
             Was an Initiate of Vehumet.
             Engulfed by a steam dragon's steam (6 damage)
             ... on level 6 of the Dungeon.
             The game lasted 00:06:33 (5802 turns).

sanka the Geomancer (Kobold Earth Elementalist)     Turns: 5802, Time: 00:06:33

Health: -3/46      AC:  3    Str:  6    XL:     8   Next: 92%
Magic:  3/12       EV: 16    Int: 18    God:    Vehumet [......]
Gold:   287        SH:  0    Dex: 15    Spells: 7/13 levels left

rFire   . . .      SeeInvis .    A - +0 rapier
rCold   . . .      Faith    .    (no shield)
rNeg    + . .      Spirit   .    a - +0 robe
rPois   .          Reflect  .    g - +0 helmet
rElec   .          Harm     .    (no cloak)
rCorr   +          Rampage  .    (no gloves)
Will    .....                    (no boots)
Stlth   +++                      (no amulet)
HPRegen 0.27/turn                e - ring of resist corrosion
MPRegen 0.13/turn                d - ring of positive energy

@: no status effects
A: small, no large weapons, nightstalker 3
a: Renounce Religion


You were on level 6 of the Dungeon.
You worshipped Vehumet.
Vehumet was noncommittal.
You visited 1 branch of the dungeon, and saw 6 of its levels.

You collected 287 gold pieces.


Innate Abilities, Weirdness & Mutations

You are small and have problems with some larger weapons.
You are completely attuned to the shadows.


   Skills:
 + Level 3.0 Fighting
 + Level 4.3 Dodging
 - Level 2.6 Stealth
 - Level 3.0 Spellcasting
 - Level 5.0 Conjurations
 - Level 1.0 Transmutations
 - Level 8.0 Earth Magic


You had 7 spell levels left.
You knew the following spells:

 Your Spells              Type           Power      Damage    Failure   Level
x - Stone Arrow           Conj/Erth      52%        3d10      3%          3
z - Sandblast             Erth           62%        2d14      1%          1
N - Passwall              Tmut/Erth      15%        N/A       3%          2

Your spell library contained the following spells:

 Spells                   Type           Power      Damage    Failure   Level
 Shock                    Conj/Air       44%        1d5       6%          1
 Necrotise                Necr           8%         1d4       16%         1
 Petrify                  Tmut/Erth      18%        N/A       26%         4
 Swiftness                Air            2%         N/A       43%         3
 Vampiric Draining        Necr           2%         2d6       43%         3
 Airstrike                Air            1%         2d(1-17)  85%         4
 Agony                    Necr           2%         N/A       99%         5

Inventory:

Hand Weapons
 r - a +1 antimagic flail
 A - a +0 rapier (weapon)
Missiles
 p - a throwing net {=f}
Armour
 a - a +0 robe (worn)
 g - a +0 helmet (worn)
Magical Staves
 x - a staff of air
Jewellery
 d - a ring of positive energy (right hand)
 e - a ring of resist corrosion (left hand)
Scrolls
 h - 4 scrolls of teleportation {unknown}
 j - 2 scrolls of poison {unknown}
 l - 2 scrolls of immolation {unknown}
 n - a scroll of magic mapping {unknown}
 o - a scroll of vulnerability {unknown}
 q - 3 scrolls of identify {unknown}
 s - a scroll of fear {unknown}
 y - a scroll of brand weapon {unknown}
 z - 3 scrolls of amnesia {unknown}
Potions
 b - a potion of magic
 c - 2 potions of ambrosia {unknown}
 f - a potion of degeneration {unknown}
 i - 3 potions of attraction {unknown}
 k - 2 potions of heal wounds {@q2}
 m - 2 potions of lignification {unknown}
 t - a potion of mutation {unknown}
 u - 2 potions of curing {@q1}
 v - a potion of haste {unknown}
 w - a potion of invisibility {unknown}

Dungeon Overview and Level Annotations

Branches:
Dungeon (6/15)
 Temple: D:4-7

Altars:
Fedhas
Vehumet
Zin

Annotations:
D:5 3 runed translucent doors, Zappman123's ghost, novice FoFi

▒...▒.▒.▒ ▒.▒ ▒.▒
▒..▒..▒.▒▒▒▒▒▒▒▒.▒
▒.▒
▒..▒▒▒..▒.▒.......▒
▒.▒ ..▒
▒▒..▒▒▒.▒▒.▒▒▒ ▒.▒
▒▒..▒▒.▒▒.▒▒▒▒▒▒▒.▒
▒▒.▒.(...........▒
▒▒..▒▒.▒▒.▒▒▒▒▒▒▒▒▒
▒..▒▒▒ ▒.▒ ▒..▒K▒
..▒ ...▒D▒▒ ▒▒▒▒
..▒.▒ ▒▒▒▒


You could see a steam dragon (catching breath).


Message History

The steam dragon breathes steam at you. The ball of steam hits you!
You hear a croak.
You hear an angry hiss.
The blast of sand misses the steam dragon.
You are engulfed in a cloud of scalding steam.
* * * LOW HITPOINT WARNING * * *
You hear a bark!
The steam dragon misses you.
The steam dragon claws you but does no damage.
The steam dragon closely misses you.
The steam dragon claws you but does no damage.
The blast of sand misses the steam dragon.
The steam dragon breathes steam at you. The ball of steam misses you.
You hear an angry hiss.
You hear a bark!
Aiming: Stone Arrow (dangerous; 3% risk of failure)
Aim: a steam dragon (moderately wounded, catching its breath, 71% to hit)
The stone arrow misses the steam dragon.
You are engulfed in a cloud of scalding steam.
* * * LOW HITPOINT WARNING * * *
The steam dragon completely misses you. The steam dragon barely misses you.
Aiming: Stone Arrow (dangerous; 3% risk of failure)
Aim: a steam dragon (moderately wounded, catching its breath, 71% to hit)
The stone arrow hits the steam dragon!
The steam dragon is severely wounded.
You are engulfed in a cloud of scalding steam.
You die...

Action                     |  1- 3 |  4- 6 |  7- 9 || total
---------------------------+-------+-------+-------++-------
  Melee: Whip              |       |       |     3 ||     3
   Cast: Sandblast         |    27 |    55 |    81 ||   163
         Stone Arrow       |       |       |     3 ||     3
    Use: Potion            |       |       |     1 ||     1
 Armour: Robe              |       |     3 |    10 ||    13
  Dodge: Dodged            |     2 |    14 |    28 ||    44

Levels and vault maps discovered:
D:1:      lemuel_arrival_broad_hall, layout_loops_ring,
          shapermc_ecumenical_altar_mp_urbaneastern, hangedman_decor_peaks_small
D:2:      layout_rooms
D:3:      layout_basic, lemuel_crystal_altar, minmay_door_square,
          palyth_stone_intersect, uniq_grinder
D:4:      layout_loops_ring, uniq_natasha
D:5:      layout_loops_ring, nicolae_vehumet_radiance,
          biasface_ghost_orc_armoury, uniq_eustachio
D:6:      minmay_diamond_boxcup, layout_loops_ring,
          mainiacjoe_overflow_six_doors_small, minmay_mini_ossuary

Notes
Turn   | Place    | Note
-------+----------+-------------------------------------------
     0 | D:1      | sanka the Kobold Earth Elementalist began the quest for the
                  | Orb.
     0 | D:1      | Reached XP level 1. HP: 10/10 MP: 3/3
    59 | D:2      | Reached XP level 2. HP: 15/15 MP: 1/5
   104 | D:2      | Learned a level 2 spell: Passwall
   230 | D:1      | Found a faded altar of an unknown god.
   536 | D:1      | Reached skill level 4 in Earth Magic
   536 | D:1      | Reached XP level 3. HP: 19/19 MP: 4/6
  1240 | D:2      | Reached XP level 4. HP: 16/24 MP: 0/7
  1415 | D:2      | Learned a level 3 spell: Stone Arrow
  1439 | D:2      | Reached skill level 5 in Earth Magic
  1947 | D:2      | Reached XP level 5. HP: 28/28 MP: 6/8
  2346 | D:3      | Found a glowing silver altar of Zin.
  2349 | D:3      | Noticed Grinder
  2358 | D:3      | Killed Grinder
  2359 | D:3      | Reached skill level 7 in Earth Magic
  2359 | D:3      | Reached XP level 6. HP: 25/32 MP: 0/9
  3144 | D:4      | Noticed Natasha
  3146 | D:4      | Killed Natasha
  3154 | D:4      | Reached XP level 7. HP: 28/36 MP: 1/10
  3594 | D:4      | Reached skill level 8 in Earth Magic
  3690 | D:4      | Reached skill level 1 in Conjurations
  4095 | D:4      | Noticed Natasha
  4098 | D:4      | Killed Natasha
  4099 | D:4      | Reached skill level 3 in Spellcasting
  4285 | D:4      | Noticed Natasha
  4288 | D:4      | Killed Natasha
  4289 | D:4      | Reached skill level 2 in Conjurations
  4319 | D:5      | Entered Level 5 of the Dungeon
  4528 | D:5      | Reached XP level 8. HP: 41/41 MP: 9/12
  4559 | D:5      | Reached skill level 3 in Conjurations
  4559 | D:5      | Reached skill level 1 in Fighting
  4598 | D:5      | Noticed Eustachio
  4601 | D:5      | Killed Eustachio
  4602 | D:5      | Reached skill level 4 in Conjurations
  4669 | D:5      | Found a radiant altar of Vehumet.
  4763 | D:5      | Reached skill level 5 in Conjurations
  4880 | D:5      | Found a runed translucent gate.
  4881 | D:5      | Found a runed translucent gate.
  4882 | D:5      | Found a runed translucent gate.
  4935 | D:5      | Reached skill level 3 in Dodging
  5132 | D:5      | Reached skill level 2 in Fighting
  5441 | D:5      | Noticed Zappman123's ghost (novice FoFi)
  5441 | D:5      | Identified the +4 sling of Outrage {drain, rC+ MP+9 Str+5
                  | Dex-2}
  5441 | D:5      | Identified the +3 chain mail "Xaggecaa" {Harm rElec rF+
                  | Int-3}
  5520 | D:5      | Became a worshipper of Vehumet
  5584 | D:6      | Found a blossoming altar of Fedhas.
  5588 | D:6      | Reached skill level 3 in Fighting
  5588 | D:6      | Reached skill level 4 in Dodging
  5801 | D:6      | HP: 3/46 [steam dragon] (8)]
  5802 | D:6      | Engulfed by a steam dragon's steam

Vanquished Creatures
  Grinder (D:3)
  Eustachio (D:5)
  A steam dragon (D:6)
  2 phantoms
  A necrophage (D:5)
  5 scorpions
  2 hounds (D:5)
  An iguana (D:5)
  Natasha (thrice) (D:4)
  2 orc wizards (D:4)
  3 gnolls (D:2)
  4 adders
  3 worms (D:2)
  3 dart slugs
  6 orcs
  6 endoplasms
  4 giant cockroaches
  3 goblins
  7 hobgoblins
  8 jackals
  6 kobolds
  A quokka (D:1)
  2 ball pythons
  4 bats
  4 frilled lizards
  3 rats (D:1)
86 creatures vanquished.
